 Dungeon Crawl Stone Soup version 0.25-a0-503-ge281fa673e (webtiles) character file.

Game seed: 16976564276982814091, levelgen mode: deterministic

186 Kohma the Chiller (level 5, -3/38 HPs)
             Began as a Draconian Ice Elementalist on Feb 13, 2020.
             Was a Follower of Vehumet.
             Slain by an orc warrior
             ... wielding a +0 hand axe
              (11 damage)
             ... on level 3 of the Dungeon.
             The game lasted 00:07:53 (3092 turns).

Kohma the Chiller (Draconian Ice Elementalist)      Turns: 3092, Time: 00:07:53

Health: -3/38      AC:  6    Str: 10    XL:     5   Next: 38%
Magic:  2/10       EV: 12    Int: 16    God:    Vehumet [*.....]
Gold:   107        SH:  0    Dex: 12    Spells: 6/10 levels left

rFire    . . .     SeeInvis .   e - +0 short sword
rCold    . . .     Gourm    .   (no shield)
rNeg     . . .     Faith    .   (armour unavailable)
rPois    .         Spirit   .   (helmet restricted)
rElec    .         Reflect  .   k - +0 cloak
rCorr    .         Harm     .   (no gloves)
MR       .....                  (no boots)
Stlth    ++........             (no amulet)
HPRegen  0.12/turn              (no ring)
MPRegen  0.12/turn              (no ring)

@: no status effects
A: unfitting armour, cold-blooded, AC +5
a: Renounce Religion


You were on level 3 of the Dungeon.
You worshipped Vehumet.
Vehumet was aware of your devotion.
You were not hungry.

You visited 1 branch of the dungeon, and saw 4 of its levels.

You collected 107 gold pieces.

Inventory:

Hand Weapons
 d - a +0 hunting sling
 e - a +0 short sword (weapon)
Missiles
 a - 126 stones
 v - 7 poisoned darts (quivered)
Armour
 k - a +0 cloak (worn)
Jewellery
 o - a +3 ring of intelligence {unknown}
Scrolls
 c - 4 scrolls of teleportation {unknown}
 g - 4 scrolls of identify {unknown}
 i - a scroll of enchant armour {unknown}
 j - a scroll of amnesia {unknown}
 p - a scroll of remove curse {unknown}
 q - a scroll of noise {unknown}
 t - a scroll of fog {unknown}
 u - a scroll of enchant weapon {unknown}
Potions
 f - a potion of curing {unknown}
 h - a potion of mutation {unknown}
 l - a potion of agility {unknown}
 m - a potion of magic {unknown}
 n - a potion of heal wounds {unknown}
 s - a potion of degeneration {unknown}
Comestibles
 b - 3 rations
 r - 2 chunks of flesh


   Skills:
 - Level 1.7 Dodging
 - Level 1.7 Stealth
 + Level 3.3 Spellcasting
 * Level 6.0 Ice Magic


You had 6 spell levels left.
You knew the following spells:

 Your Spells              Type           Power        Failure   Level  Hunger
a - Freeze                Ice            ###.         1%          1    None
b - Frozen Ramparts       Ice            ###...       4%          3    ###....

Your spell library contained the following spells:

 Spells                   Type           Power        Failure   Level  Hunger
 Sandblast                Erth           #.....       19%         1    None
 Ozocubu's Armour         Chrm/Ice       ##......     16%         3    ###....
 Hailstorm                Conj/Ice       ##......     45%         4    ####...
 Summon Ice Beast         Ice/Summ       ##......     45%         4    ####...


Dungeon Overview and Level Annotations

Branches:
Dungeon (4/15)
 Temple: D:4-7

Altars:
Elyvilon
Nemelex Xobeh
Vehumet


Innate Abilities, Weirdness & Mutations

Your plain brown scales are hard. (AC +5)
You cannot fit into any form of body armour.
You are cold-blooded and may be slowed by cold attacks.


Message History

Press: ? - help, Shift-Dir - straight line, f/p - orc warrior
Aim: an orc warrior, wielding a +0 hand axe and wearing a +0 chain mail (heavily wounded, encased in ice)
You freeze the orc warrior!
The orc warrior is almost dead.
The orc warrior is no longer encased in ice.
The walls release a blast of icicles at the orc warrior!
The orc warrior is encased in ice.
The orc warrior hits you with a +0 hand axe!!
Ouch! That really hurt!
* * * LOW HITPOINT WARNING * * *
Casting: Freeze (safe; 1% risk of failure)
Confirm with . or Enter, or press ? or * to list all spells.
Aiming: Freeze (safe; 1% risk of failure)
Press: ? - help, Shift-Dir - straight line, f/p - orc warrior
Aim: an orc warrior, wielding a +0 hand axe and wearing a +0 chain mail (almost dead, encased in ice)
You freeze the orc warrior.
The orc warrior is almost dead.
The frozen ramparts melt away.
The orc warrior hits you with a +0 hand axe!
You die...

#.# #.......[.# #.#
#.........# #.#
#.........# #.#
#####.###.# #.#
#.###.. #.# #.#....
#.# #.#.##.
#.############.#....
#>o@................
#####.##.######.....
#.##....###.###.
#.#.....#<...##.
#.#.#######..##.
#............###
#########'########....
#...........# #....
#...........######....


You could see an orc warrior.

Vanquished Creatures
  Natasha (thrice) (D:2)
  4 adders (D:3)
  A worm (D:2)
  3 dart slugs
  2 leopard geckos
  5 orcs (D:3)
  3 ball pythons
  5 bats
  3 giant cockroaches
  7 hobgoblins
  3 jackals (D:3)
  10 kobolds
  2 quokkas
  6 goblins
  6 rats
63 creatures vanquished.

Notes
Turn   | Place    | Note
-------+----------+-------------------------------------------
     0 | D:1      | Kohma the Draconian Ice Elementalist began the quest for
                  | the Orb.
     0 | D:1      | Reached XP level 1. HP: 14/14 MP: 3/3
   241 | D:1      | Found a sparkling altar of Nemelex Xobeh.
   281 | D:1      | Reached XP level 2. HP: 18/20 MP: 0/5
  1164 | D:2      | Found a white marble altar of Elyvilon.
  1173 | D:2      | Found a radiant altar of Vehumet.
  1173 | D:2      | Found a sparkling altar of Nemelex Xobeh.
  1186 | D:2      | Became a worshipper of Vehumet
  1281 | D:2      | Reached XP level 3. HP: 26/26 MP: 3/6
  1338 | D:2      | Learned a level 3 spell: Frozen Ramparts
  1356 | D:2      | Found a faded altar of an unknown god.
  1356 | D:2      | Noticed Natasha
  1375 | D:2      | Killed Natasha
  1375 | D:2      | Reached skill level 5 in Ice Magic
  1500 | D:2      | Noticed Natasha
  1514 | D:2      | Killed Natasha
  1514 | D:2      | Reached XP level 4. HP: 19/33 MP: 4/8
  1613 | D:2      | Noticed Natasha
  1625 | D:2      | Killed Natasha
  2581 | D:3      | Reached XP level 5. HP: 38/38 MP: 5/9
  2798 | D:3      | Reached * piety under Vehumet
  2798 | D:3      | Offered knowledge of Sandblast by Vehumet.
  3074 | D:4      | Reached skill level 6 in Ice Magic
  3074 | D:4      | Noticed an orc warrior
  3092 | D:3      | Slain by an orc warrior

Levels and vault maps discovered:
D:1:      giann_wishing_wells, layout_basic, nemelex_xobeh_ov_fountains_minmay
D:2:      layout_loops_ring, grunt_temple_overflow_open,
          chequers_ecumenical_altar_simple, uniq_natasha
D:3:      layout_basic
D:4:      layout_rooms, serial_shops, nicolae_shop_waterfront

Skill      XL: |  1  2  3  4  5 |
---------------+----------------+-----
Ice Magic      | 5 6 |  6.0
Spellcasting   | 3 |  3.3
Dodging        | |  1.7
Stealth        | |  1.7

Action                   |  1- 3 |  4- 6 || total
-------------------------+-------+-------++-------
Melee: Unarmed           |     1 |       ||     1
       Short sword       |    34 |    30 ||    64
       Tailslap          |     4 |     4 ||     8
Throw: Stone             |     1 |       ||     1
 Cast: Freeze            |    27 |    37 ||    64
       Frozen Ramparts   |     2 |     9 ||    11
 Stab: Sleeping          |     1 |       ||     1
  Eat: Chunk             |     2 |     6 ||     8
Armor: Skin              |    14 |    13 ||    27
Dodge: Dodged            |    37 |    42 ||    79

Table legend:
 A = Non-vault XP
 B = Vault XP
 C = Vault XP percentage of total XP
 D = Non-vault monster count
 E = Vault monster count
 F = Vault count percentage of total count
                 A         B        C        D         E       F
            +---------+---------+-------+---------+---------+-------
      Total |     231 |      35 |  13.2 |      62 |       1 |   1.6
            +---------+---------+-------+---------+---------+-------
        D:1 |      30 |       0 |   0.0 |      18 |       0 |   0.0
        D:2 |      90 |      35 |  28.0 |      12 |       1 |   7.7
        D:3 |     109 |       0 |   0.0 |      31 |       0 |   0.0
        D:4 |       2 |       0 |   0.0 |       1 |       0 |   0.0
            +---------+---------+-------+---------+---------+-------
